SR
STATEN ISLAND PIZZA RATS @ MOOSE JAW CANUCKS
08/10/2032
 
TOP OF THE 1ST
Staten Island Pizza Rats batting - Pitching for Moose Jaw Canucks : RHP Pi-ao Shu
Pitching: RHP Pi-ao Shu
Batting: SHB Cheong-hun Kang 0-0: Ball
1-0: Ball
2-0: Called Strike
2-1: Foul Ball, location: 2F
2-2: Ball
3-2: Foul Ball, location: 2F
3-2: Ground out U3 (Groundball, 3)
Batting: LHB Ryan Dudley 0-0: Ball
1-0: Ball
2-0: Foul Ball, location: 2F
2-1: Foul Ball, location: 2F
2-2: Ball
3-2: Ground out 3-1 (Groundball, 34)
Batting: LHB Dallas McMurran 0-0: Ball
1-0: Called Strike
1-1: Swinging Strike
1-2: Ball
2-2: Strikes out swinging
Top of the 1st over - 0 runs, 0 hits, 0 errors, 0 left on base; Staten Island 0 - Moose Jaw 0
BOTTOM OF THE 1ST
Moose Jaw Canucks batting - Pitching for Staten Island Pizza Rats : RHP Teok-kyu Ch'oe
Pitching: RHP Teok-kyu Ch'oe
Batting: LHB Ramón Padilla 0-0: Fly out, F5 (Popup, 5SF)
Batting: RHB Michael Hughes 0-0: Bunt for hit - play at first, batter OUT! 1-3
Batting: SHB Ricardo Serna 0-0: Called Strike
0-1: Foul Ball, location: 2F
0-2: Ball
1-2: Foul Ball, location: 2F
1-2: Strikes out swinging
Bottom of the 1st over - 0 runs, 0 hits, 0 errors, 0 left on base; Staten Island 0 - Moose Jaw 0
TOP OF THE 2ND
Staten Island Pizza Rats batting - Pitching for Moose Jaw Canucks : RHP Pi-ao Shu
Batting: RHB John Mayasich 0-0: Swinging Strike
0-1: Swinging Strike
0-2: Foul Ball, location: 2F
0-2: Ball
1-2: Ball
2-2: Fly out, F7 (Flyball, 7D)
Batting: LHB Don Mosley 0-0: SINGLE (Flyball, 7LS)
Batting: RHB Jung-gwon Ch'oe 0-0: Swinging Strike
0-1: Ball
1-1: Foul Ball, location: 2F
1-2: Grounds into double play, 6-4-3 (Groundball, 6M)
Top of the 2nd over - 0 runs, 1 hit, 0 errors, 0 left on base; Staten Island 0 - Moose Jaw 0
BOTTOM OF THE 2ND
Moose Jaw Canucks batting - Pitching for Staten Island Pizza Rats : RHP Teok-kyu Ch'oe
Batting: RHB José Ayala 0-0: Ball
1-0: Ball
2-0: Fly out, F8 (Flyball, 8LD)
Batting: RHB Qi-chao Di 0-0: Called Strike
0-1: Ball
1-1: Ball
2-1: Called Strike
2-2: Ball
3-2: Fly out, F8 (Flyball, 8LD)
Batting: RHB Du-yang Zhu 0-0: Ball
1-0: Ball
2-0: Called Strike
2-1: SINGLE (Groundball, 6D)
Batting: RHB Yaakov Shmerkin 0-0: Fielders Choice at 2nd, 5-4 (Groundball, 56)
Bottom of the 2nd over - 0 runs, 1 hit, 0 errors, 1 left on base; Staten Island 0 - Moose Jaw 0
TOP OF THE 3RD
Staten Island Pizza Rats batting - Pitching for Moose Jaw Canucks : RHP Pi-ao Shu
Batting: LHB Andrés Rodríguez 0-0: Called Strike
0-1: Swinging Strike
0-2: Foul Ball, location: 2F
0-2: Strikes out swinging
Batting: RHB Tadao Tsukamoto 0-0: Called Strike
0-1: Ball
1-1: Ball
2-1: Fly out, F9 (Line Drive, 9D)
Batting: RHB Doug Becker 0-0: Called Strike
0-1: Fly out, F7 (Flyball, 78D)
Top of the 3rd over - 0 runs, 0 hits, 0 errors, 0 left on base; Staten Island 0 - Moose Jaw 0
BOTTOM OF THE 3RD
Moose Jaw Canucks batting - Pitching for Staten Island Pizza Rats : RHP Teok-kyu Ch'oe
Batting: RHB António Valentín 0-0: Called Strike
0-1: Ball
1-1: Ball
2-1: Foul Ball, location: 2F
2-2: Strikes out swinging
Batting: RHB Bernardo Rodríguez 0-0: TRIPLE (Flyball, 9LD)
Batting: LHB Ramón Padilla 0-0: DOUBLE (Line Drive, 7LM)
Bernardo Rodríguez scores
Batting: RHB Michael Hughes 0-0: DOUBLE (Line Drive, 9LS)
Ramón Padilla scores
Batting: SHB Ricardo Serna 0-0: Foul Ball, location: 2F
0-1: Foul Ball, location: 2F
0-2: Ball
1-2: Ball
2-2: Ball
3-2: Strikes out swinging
Batting: RHB José Ayala 0-0: Ball
1-0: Hit by Pitch
Batting: RHB Qi-chao Di 0-0: SINGLE (Flyball, 8LS)
Michael Hughes to third
José Ayala to second
Runner from 3rd tries for Home, SAFE, no throw
Batting: RHB Du-yang Zhu 0-0: Called Strike
0-1: Ball
1-1: Ball
2-1: Fly out, F9 (Flyball, 89D)
Bottom of the 3rd over - 3 runs, 4 hits, 0 errors, 2 left on base; Staten Island 0 - Moose Jaw 3
TOP OF THE 4TH
Staten Island Pizza Rats batting - Pitching for Moose Jaw Canucks : RHP Pi-ao Shu
Batting: SHB Cheong-hun Kang 0-0: Foul Ball, location: 2F
0-1: Ball
1-1: Foul Ball, location: 2F
1-2: Ball
2-2: Ground out U3 (Groundball, 3)
Batting: LHB Ryan Dudley 0-0: Called Strike
0-1: Fly out, F7 (Flyball, 78D)
Batting: LHB Dallas McMurran 0-0: TRIPLE (Line Drive, 8RXD)
Batting: RHB John Mayasich 0-0: Called Strike
0-1: Ball
1-1: SINGLE (Line Drive, 8LS)
Dallas McMurran scores
Batting: LHB Don Mosley 0-0: Swinging Strike
0-1: Called Strike
0-2: Ground out 4-3 (Groundball, 4)
Top of the 4th over - 1 run, 2 hits, 0 errors, 1 left on base; Staten Island 1 - Moose Jaw 3
BOTTOM OF THE 4TH
Moose Jaw Canucks batting - Pitching for Staten Island Pizza Rats : RHP Teok-kyu Ch'oe
Batting: RHB Yaakov Shmerkin 0-0: Ground out 6-3 (Groundball, 6MD)
Batting: RHB António Valentín 0-0: Ball
1-0: Ball
2-0: Foul Ball, location: 2F
2-1: Foul Ball, location: 2F
2-2: Strikes out looking
Batting: RHB Bernardo Rodríguez 0-0: Called Strike
0-1: Swinging Strike
0-2: Ball
1-2: Ball
2-2: Strikes out swinging
Bottom of the 4th over - 0 runs, 0 hits, 0 errors, 0 left on base; Staten Island 1 - Moose Jaw 3
TOP OF THE 5TH
Staten Island Pizza Rats batting - Pitching for Moose Jaw Canucks : RHP Pi-ao Shu
Batting: RHB Jung-gwon Ch'oe 0-0: Called Strike
0-1: Foul Ball, location: 2F
0-2: Fly out, F9 (Flyball, 9S)
Batting: LHB Andrés Rodríguez 0-0: Foul Ball, location: 2F
0-1: Bunt for hit - play at first, batter OUT! 3-4
Batting: RHB Tadao Tsukamoto 0-0: Called Strike
0-1: SOLO HOME RUN (Flyball, 78XD), Distance : 401 ft
Batting: RHB Doug Becker 0-0: Ball
1-0: SINGLE (Groundball, 56S) (infield hit)
Batting: SHB Cheong-hun Kang 0-0: Ball
1-0: Foul Ball, location: 2F
1-1: SINGLE (Line Drive, 4D)
Doug Becker to second
Runner from 2nd tries for 3rd, SAFE, no throw
Batting: LHB Ryan Dudley 0-0: Ball
1-0: Ground out U3 (Groundball, 3)
Top of the 5th over - 1 run, 3 hits, 0 errors, 2 left on base; Staten Island 2 - Moose Jaw 3
BOTTOM OF THE 5TH
Moose Jaw Canucks batting - Pitching for Staten Island Pizza Rats : RHP Teok-kyu Ch'oe
Batting: LHB Ramón Padilla 0-0: Ball
1-0: Ball
2-0: SINGLE (Groundball, 56D)
Batting: RHB Michael Hughes 0-0: Sac Bunt - play at first, batter OUT! 2-4
Ramón Padilla to second
Batting: SHB Ricardo Serna 0-0: Swinging Strike
0-1: Fly out, F7 (Flyball, 7S)
Batting: RHB José Ayala 0-0: Ball
1-0: Ball
2-0: Ball
3-0: Called Strike
3-1: Foul Ball, location: 2F
3-2: Base on Balls
Batting: RHB Qi-chao Di 0-0: Called Strike
0-1: Ball
1-1: Ball
2-1: Ball
3-1: Base on Balls
Ramón Padilla to third
José Ayala to second
Batting: RHB Du-yang Zhu 0-0: Ball
1-0: Called Strike
1-1: Foul Ball, location: 2F
1-2: Ball
2-2: Strikes out swinging
Bottom of the 5th over - 0 runs, 1 hit, 0 errors, 3 left on base; Staten Island 2 - Moose Jaw 3
TOP OF THE 6TH
Staten Island Pizza Rats batting - Pitching for Moose Jaw Canucks : RHP Pi-ao Shu
Batting: LHB Dallas McMurran 0-0: Ball
1-0: Ball
2-0: Called Strike
2-1: Foul Ball, location: 2F
2-2: Ball
3-2: SINGLE (Flyball, 78S)
Batting: RHB John Mayasich 0-0: Ball
1-0: Ball
2-0: Called Strike
2-1: Foul Ball, location: 2F
2-2: Strikes out swinging
Batting: LHB Don Mosley 0-0: Called Strike
Throwing error on steal attempt, E2
Dallas McMurran to third
0-1: Ball
1-1: Ball
2-1: Called Strike
2-2: Fly out, F9 (Flyball, 9LMF)
Runner from 3rd tags up, SCORES, no throw
Batting: RHB Jung-gwon Ch'oe 0-0: Called Strike
0-1: Swinging Strike
0-2: Ball
1-2: Ball
2-2: Ball
3-2: Ground out 6-3 (Groundball, 6)
Top of the 6th over - 1 run, 1 hit, 1 error, 0 left on base; Staten Island 3 - Moose Jaw 3
BOTTOM OF THE 6TH
Moose Jaw Canucks batting - Pitching for Staten Island Pizza Rats : RHP Teok-kyu Ch'oe
Batting: RHB Yaakov Shmerkin 0-0: Ground out 5-3 (Groundball, 25)
Batting: RHB António Valentín 0-0: DOUBLE (Groundball, 5L)
Batting: RHB Bernardo Rodríguez 0-0: Called Strike
0-1: Swinging Strike
0-2: Ball
1-2: Strikes out looking
Batting: LHB Ramón Padilla 0-0: Ball
1-0: Called Strike
1-1: Called Strike
1-2: Ball
2-2: Foul Ball, location: 2F
2-2: Ball
3-2: Foul Ball, location: 2F
3-2: Base on Balls
Batting: RHB Michael Hughes 0-0: Called Strike
0-1: Foul Ball, location: 2F
0-2: Ball
1-2: Reached on error, E4 (Groundball, 4)
António Valentín to third
Ramón Padilla to second
Batting: SHB Ricardo Serna 0-0: Called Strike
0-1: Ball
1-1: Ball
2-1: Foul Ball, location: 2F
2-2: Fly out, F8 (Flyball, 8RD)
Bottom of the 6th over - 0 runs, 1 hit, 1 error, 3 left on base; Staten Island 3 - Moose Jaw 3
TOP OF THE 7TH
Staten Island Pizza Rats batting - Pitching for Moose Jaw Canucks : RHP Pi-ao Shu
Batting: LHB Andrés Rodríguez 0-0: Ball
1-0: Fly out, F7 (Line Drive, 7)
Batting: RHB Tadao Tsukamoto 0-0: Called Strike
0-1: Foul Ball, location: 2F
0-2: Strikes out looking
Batting: RHB Doug Becker 0-0: Fly out, F9 (Flyball, 9S)
Top of the 7th over - 0 runs, 0 hits, 0 errors, 0 left on base; Staten Island 3 - Moose Jaw 3
BOTTOM OF THE 7TH
Moose Jaw Canucks batting - Pitching for Staten Island Pizza Rats : RHP Teok-kyu Ch'oe
Batting: RHB José Ayala 0-0: Ball
1-0: Ball
2-0: Called Strike
2-1: Called Strike
2-2: Foul Ball, location: 2F
2-2: Ground out 5-3 (Groundball, 56)
Batting: RHB Qi-chao Di 0-0: Ball
1-0: Called Strike
1-1: Ball
2-1: Swinging Strike
2-2: Foul Ball, location: 2F
2-2: Foul Ball, location: 2F
2-2: Foul Ball, location: 2F
2-2: Strikes out swinging
Batting: RHB Du-yang Zhu 0-0: Swinging Strike
0-1: Ball
1-1: Foul Ball, location: 2F
1-2: Single, Error in OF, E7, batter to second base
Pitching: RHP José Salinas
Pinch Hitting: RHB An-te-hai Qing 0-0: Called Strike
0-1: Ball
1-1: Ground out 4-3 (Groundball, 4)
Bottom of the 7th over - 0 runs, 1 hit, 1 error, 1 left on base; Staten Island 3 - Moose Jaw 3
TOP OF THE 8TH
Staten Island Pizza Rats batting - Pitching for Moose Jaw Canucks : RHP Pi-ao Shu
Now in LF: Peer Kattenberg
Batting: SHB Cheong-hun Kang 0-0: Ball
1-0: Called Strike
1-1: Ball
2-1: SINGLE (Line Drive, 3D)
Batting: LHB Ryan Dudley 0-0: Ball
1-0: Bunted foul
1-1: Called Strike
Cheong-hun Kang steals 2nd base
1-2: Foul Ball, location: 2F
1-2: Foul Ball, location: 2F
1-2: Foul Ball, location: 2F
1-2: Ball
2-2: Foul Ball, location: 2F
2-2: Strikes out swinging
Batting: LHB Dallas McMurran 0-0: Intentional Walk
Pitching: RHP Cheung Wuying
Batting: RHB John Mayasich 0-0: Ball
1-0: Foul Ball, location: 2F
1-1: Ball
2-1: Foul Ball, location: 2F
2-2: Strikes out swinging
Batting: LHB Don Mosley 0-0: Foul Ball, location: 2F
0-1: Foul Ball, location: 2F
0-2: Strikes out swinging
Top of the 8th over - 0 runs, 1 hit, 0 errors, 2 left on base; Staten Island 3 - Moose Jaw 3
BOTTOM OF THE 8TH
Moose Jaw Canucks batting - Pitching for Staten Island Pizza Rats : RHP José Salinas
Pinch Hitting: RHB Dale Doney 0-0: Called Strike
0-1: Ground out 6-3 (Groundball, 6)
Batting: RHB Bernardo Rodríguez 0-0: Called Strike
0-1: Ball
1-1: SINGLE (Groundball, 6) (infield hit)
Batting: LHB Ramón Padilla 0-0: Ball
1-0: Called Strike
1-1: Ball
2-1: Swinging Strike
2-2: Strikes out swinging
Batting: RHB Michael Hughes 0-0: Swinging Strike
0-1: Ball
1-1: Ball
2-1: Swinging Strike
2-2: Foul Ball, location: 2F
2-2: Hit by Pitch
Bernardo Rodríguez to second
Batting: SHB Ricardo Serna 0-0: Swinging Strike
0-1: Called Strike
0-2: Strikes out swinging
Bottom of the 8th over - 0 runs, 1 hit, 0 errors, 2 left on base; Staten Island 3 - Moose Jaw 3
TOP OF THE 9TH
Staten Island Pizza Rats batting - Pitching for Moose Jaw Canucks : RHP Cheung Wuying
Pitching: RHP Nino Ghannam
Now at 1B: Dale Doney
Batting: RHB Jung-gwon Ch'oe 0-0: Fly out, F3 (Line Drive, 34)
Batting: LHB Andrés Rodríguez 0-0: Ball
1-0: Foul Ball, location: 2F
1-1: Ground out 6-3 (Groundball, 6)
Pinch Hitting: RHB Carlos Gonzáles 0-0: Ball
1-0: Ball
2-0: Called Strike
2-1: Swinging Strike
2-2: Foul Ball, location: 2F
2-2: Strikes out swinging
Top of the 9th over - 0 runs, 0 hits, 0 errors, 0 left on base; Staten Island 3 - Moose Jaw 3
BOTTOM OF THE 9TH
Moose Jaw Canucks batting - Pitching for Staten Island Pizza Rats : RHP José Salinas
Now at SS: Nigel Sturges
Batting: RHB José Ayala 0-0: Called Strike
0-1: Called Strike
0-2: Strikes out swinging
Batting: RHB Qi-chao Di 0-0: Ball
1-0: Ball
2-0: Called Strike
2-1: Called Strike
2-2: Ball
3-2: Base on Balls
Batting: RHB Du-yang Zhu 0-0: Ball
1-0: Ball
2-0: Grounds into double play, 4-6-3 (Groundball, 4)
Bottom of the 9th over - 0 runs, 0 hits, 0 errors, 0 left on base; Staten Island 3 - Moose Jaw 3
TOP OF THE 10TH
Staten Island Pizza Rats batting - Pitching for Moose Jaw Canucks : RHP Nino Ghannam
Batting: RHB Doug Becker 0-0: Fly out, F7 (Flyball, 7LMF)
Batting: SHB Cheong-hun Kang 0-0: Ball
1-0: Ground out U3 (Groundball, 34S)
Batting: LHB Ryan Dudley 0-0: Foul Ball, location: 2F
0-1: Ball
1-1: Swinging Strike
1-2: Ball
2-2: Strikes out swinging
Top of the 10th over - 0 runs, 0 hits, 0 errors, 0 left on base; Staten Island 3 - Moose Jaw 3
BOTTOM OF THE 10TH
Moose Jaw Canucks batting - Pitching for Staten Island Pizza Rats : RHP José Salinas
Batting: RHB Peer Kattenberg 0-0: Fly out, F8 (Flyball, 8RD)
Batting: RHB Dale Doney 0-0: Called Strike
0-1: Ground out 3-1 (Groundball, 34S)
Batting: RHB Bernardo Rodríguez 0-0: Foul Ball, location: 2F
0-1: Fly out, F9 (Flyball, 9S)
Bottom of the 10th over - 0 runs, 0 hits, 0 errors, 0 left on base; Staten Island 3 - Moose Jaw 3
TOP OF THE 11TH
Staten Island Pizza Rats batting - Pitching for Moose Jaw Canucks : RHP Nino Ghannam
Pitching: LHP Emílio Román
Batting: LHB Dallas McMurran 0-0: Called Strike
0-1: Foul Ball, location: 2F
0-2: Foul Ball, location: 2F
0-2: Ball
1-2: Ball
2-2: Ball
3-2: Base on Balls
Batting: RHB John Mayasich 0-0: Ball
1-0: SINGLE (Line Drive, 7S)
Dallas McMurran to second
Runner from 2nd tries for 3rd, SAFE, no throw
Batting: LHB Don Mosley 0-0: Ball
1-0: Called Strike
1-1: Ball
2-1: Fly out, F8 (Flyball, 8RD)
Runner from 3rd tags up, SCORES, no throw
Batting: RHB Jung-gwon Ch'oe 0-0: Ball
1-0: Ball
2-0: Called Strike
2-1: Called Strike
2-2: Foul Ball, location: 2F
2-2: Strikes out swinging
Batting: LHB Andrés Rodríguez 0-0: Ball
1-0: Foul Ball, location: 2F
1-1: Ball
2-1: Foul Ball, location: 2F
2-2: Ball
3-2: SINGLE (Line Drive, 4MD)
John Mayasich to second
John Mayasich to third
Batting: RHB Nigel Sturges 0-0: DOUBLE (Flyball, 8LD)
John Mayasich scores
Andrés Rodríguez to third
Runner from 3rd tries for Home, SAFE, no throw
Pitching: RHP Phillip Davis
Batting: RHB Doug Becker 0-0: Ball
1-0: Ball
2-0: Ball
3-0: Base on Balls
Batting: SHB Cheong-hun Kang 0-0: Foul Ball, location: 2F
0-1: Ground out U3 (Groundball, 34)
Top of the 11th over - 3 runs, 3 hits, 0 errors, 2 left on base; Staten Island 6 - Moose Jaw 3
BOTTOM OF THE 11TH
Moose Jaw Canucks batting - Pitching for Staten Island Pizza Rats : RHP José Salinas
Batting: LHB Ramón Padilla 0-0: Called Strike
0-1: Swinging Strike
0-2: Foul Ball, location: 2F
0-2: Strikes out swinging
Batting: RHB Michael Hughes 0-0: Called Strike
0-1: DOUBLE (Flyball, 89D)
Batting: SHB Ricardo Serna 0-0: Foul Ball, location: 2F
0-1: Foul Ball, location: 2F
0-2: Ball
1-2: Foul Ball, location: 2F
1-2: Ball
2-2: Foul Ball, location: 2F
2-2: Strikes out looking
Batting: RHB José Ayala 0-0: Called Strike
0-1: Fly out, F7 (Flyball, 7S)
Bottom of the 11th over - 0 runs, 1 hit, 0 errors, 1 left on base; Staten Island 6 - Moose Jaw 3
Wednesday, September 19th, 2018 - OOTP Baseball 18.8 Build 76